 Dungeon Crawl Stone Soup version 0.18-a0-1206-g2bec475 (webtiles) character file.

11 sugabear the Caller (level 2, 0/11 HPs)
             Began as a Felid Summoner on Feb 1, 2016.
             Slain by a gnoll
             ... wielding a +2 spear of piercing
              (3 damage)
             ... on level 2 of the Dungeon.
             The game lasted 00:00:52 (594 turns).

sugabear the Caller (Felid Summoner)                 Turns: 594, Time: 00:00:52

Health: 0/11       AC:  1    Str:  4    XL:     2   Next: 13%
Magic:  5/6        EV: 18    Int: 16    God:
Gold:   30         SH:  0    Dex: 16    Spells: 1 memorised, 4 levels left
                                        Lives:  0   Deaths: 0

rFire  + . .     SeeInvis +     (weapon unavailable)
rCold  . . .     Gourm    .     (armour unavailable)
rNeg   . . .     Faith    .     (shield unavailable)
rPois  .         Spirit   .     (helmet unavailable)
rElec  .         Dismiss  .     (cloak unavailable)
rCorr  .         Reflect  .     (gloves unavailable)
SustAt .         Harm     .     (boots unavailable)
MR     .....                    (no amulet)
Stlth  +++.......               (no ring)
                                h - ring of protection from fire

@: quick, not resistant to hostile enchantments, fairly stealthy
A: no armour, no weapons or thrown items, claws 1, fangs 3, see invisible,
carnivore 3, speed 1, shaggy fur 1, slow metabolism 1, sharp paws
a: no special abilities


You were on level 2 of the Dungeon.
You were not hungry.

You visited 1 branch of the dungeon, and saw 2 of its levels.

You collected 30 gold pieces.

Inventory:

Jewellery
 h - a ring of protection from fire (left paw)
Scrolls
 d - 2 scrolls of random uselessness {unknown}
 e - 2 scrolls of identify {unknown}
 g - a scroll of teleportation {unknown}
 i - a scroll of fog {unknown}
Potions
 f - a potion of flight {unknown}
 j - a potion of heal wounds {unknown}
 k - a potion of invisibility {unknown}
Books
 a - a book of Callings

   Spells                             Type                      Level
   a - Summon Small Mammal            Summoning                    1
   b - Call Imp                       Summoning                    2
   c - Call Canine Familiar           Summoning                    3
   d - Summon Guardian Golem          Hexes/Summoning              3
   e - Summon Lightning Spire         Summoning/Air                4
   f - Summon Ice Beast               Ice/Summoning                4
Comestibles
 b - a meat ration
 c - a slice of pizza


   Skills:
 + Level 2.9 Dodging
 + Level 3.1 Stealth
 + Level 2.1 Spellcasting
 + Level 4.2 Summonings


You had 4 spell levels left.
You knew the following spells:

 Your Spells              Type           Power        Failure   Level  Hunger
a - Summon Small Mammal   Summ           ###.         4%          1    #......


Dungeon Overview and Level Annotations

Branches:
Dungeon (2/15)

Altars:


Innate Abilities, Weirdness & Mutations

You cannot wear armour.
You are incapable of wielding weapons or throwing items.
You have sharp claws.
You have razor-sharp teeth.
You have supernaturally acute eyesight.
You are carnivorous and can eat meat at any time.
You cover ground quickly.
You are covered in fur (AC +1).
You have a slow metabolism.
Your sharp claws are effective at attacking unaware monsters.


Message History

The gnoll is moderately wounded.
The gnoll barely misses you.
You barely miss the gnoll.
The gnoll is moderately wounded.
The gnoll barely misses you.
You scratch the gnoll but do no damage.
The gnoll is moderately wounded.
The gnoll closely misses you.
You scratch the gnoll but do no damage.
The gnoll is moderately wounded.
The gnoll closely misses you.
You scratch the gnoll but do no damage.
The gnoll is moderately wounded.
The gnoll misses you.
You closely miss the gnoll.
The gnoll is moderately wounded.
The gnoll hits you with a spear of piercing!
Ouch! That really hurt!
* * * LOW HITPOINT WARNING * * *
You die...

#.# #.# #.# #.# #.#
#.# #<#
...####.########.###
..........rb@gg.g...
#######.#..#####.###
......# ###....#
...##$# ..#.##.#
##.#.##.# # #!##.#


You could see 3 gnolls, a friendly quokka and a friendly bat.

Vanquished Creatures
  3 bats (D:1)
  A giant cockroach (D:1)
  A goblin (D:1)
  A hobgoblin (D:1)
  A jackal (D:1)
  A kobold (D:1)
8 creatures vanquished.

Vanquished Creatures (collateral kills)
  2 jackals (D:1)
2 creatures vanquished.

Grand Total: 10 creatures vanquished

Notes
Turn   | Place    | Note
--------------------------------------------------------------
     0 | D:1      | sugabear the Felid Summoner began the quest for the Orb.
     0 | D:1      | Reached XP level 1. HP: 7/7 MP: 4/4
   377 | D:1      | Reached XP level 2. HP: 9/11 MP: 6/6
   594 | D:2      | Slain by a gnoll

Vault maps used:
D:1:      lightli_arrival_noodles
D:2:      okawaru_trees_2

Action                   || total
-------------------------++-------
Melee: Unarmed           ||    35
 Cast: Summon Small Mamm ||     6
 Stab: Sleeping          ||     3
  Eat: Chunk             ||     1
